 Dungeon Crawl Stone Soup version 0.30-a0-457-g4b7bca3bfa (webtiles) character file.

Game seed: 5791473681055168761

1579 p00ps00p the Chopper (level 8, -3/73 HPs)
             Began as a Hill Orc Fighter on Dec 12, 2022.
             Was an Initiate of Gozag.
             Killed from afar by an orc wizard (4 damage)
             ... with a puff of flame
             ... on level 7 of the Dungeon on Dec 13, 2022.
             The game lasted 00:10:56 (5723 turns).

p00ps00p the Chopper (Hill Orc Fighter)             Turns: 5723, Time: 00:10:58

Health: -3/73      AC: 12    Str: 21    XL:     8   Next: 91%
Magic:  8/8        EV:  7    Int:  8    God:    Gozag
Gold:   387        SH:  5    Dex: 10    Spells: 7/7 levels left

rFire   . . .      SeeInvis .    a - +0 war axe
rCold   . . .      Faith    .    c - +0 buckler
rNeg    . . .      Spirit   .    p - +1 chain mail
rPois   +          Reflect  .    (no helmet)
rElec   .          Harm     .    f - +0 cloak
rCorr   +          Rampage  .    (no gloves)
Will    .....                    (no boots)
Stlth   ..........               (no amulet)
HPRegen 0.32/turn                r - ring of poison resistance
MPRegen 0.11/turn                A - ring of resist corrosion

@: gold aura
A: no striking features
a: Renounce Religion, Convert to Beogh, Potion Petition, Call Merchant, Bribe
Branch


You were on level 7 of the Dungeon.
You worshipped Gozag.
Gozag was aware of your devotion.
You visited 2 branches of the dungeon, and saw 8 of its levels.

You collected 450 gold pieces.
You paid 63 gold pieces to Gozag.

Inventory:

Hand Weapons
 a - a +0 war axe (weapon)
Missiles
 v - 4 boomerangs (quivered)
Armour
 b - a +0 scale mail
 c - a +0 buckler (worn)
 f - a +0 cloak (worn)
 p - a +1 chain mail (worn)
Jewellery
 r - a ring of poison resistance (left hand)
 t - a ring of see invisible
 A - a ring of resist corrosion (right hand)
Scrolls
 g - a scroll of poison
 i - 2 scrolls of vulnerability
 m - 3 scrolls of teleportation
 n - a scroll of fog
 o - 2 scrolls of magic mapping
 u - a scroll of blinking {unknown}
 w - a scroll of fear
 x - 2 scrolls of identify
 y - a scroll of torment {unknown}
 B - a scroll of silence {unknown}
Potions
 d - 2 potions of might
 e - a potion of cancellation {unknown}
 h - 3 potions of curing
 j - a potion of attraction
 k - 2 potions of flight
 l - 2 potions of magic
 q - 2 potions of resistance
 s - a potion of degeneration {unknown}
 z - a potion of invisibility {unknown}


   Skills:
 + Level 7.4 Fighting
 + Level 7.7 Axes
 + Level 6.7 Armour
 + Level 6.8 Shields


You had 7 spell levels left.
You didn't know any spells.
Your spell library contained the following spells:

 Spells                   Type           Power      Damage    Failure   Level
 Olgreb's Toxic Radiance  Pois           0%         N/A       100%        4
 Ozocubu's Refrigeration  Ice            0%         4d7       100%        7
 Ignition                 Fire           0%         3d3       100%        8


Dungeon Overview and Level Annotations

Branches:
Dungeon (7/15)             Temple (1/1) D:5

Altars:
Cheibriados
Dithmenos
Gozag
Hepliaklqana
Kikubaaqudgha
Nemelex Xobeh
Okawaru
Qazlal
Ru
Trog
Uskayaw
Vehumet
Yredelemnul
Zin
The Shining One

Annotations:
Temple 2 transporters


Message History

Something hits you but does no damage. The water moccasin bites you.
The water moccasin bites you but does no damage.
You slash the water moccasin!
The water moccasin is heavily wounded.
You barely miss the orc. You hit something. You slash the water moccasin!
You feel sick.
The water moccasin closely misses you. x2
The orc hits you but does no damage. Something hits you but does no damage.
The water moccasin bites you but does no damage.
You hit the water moccasin.
The water moccasin is severely wounded.
You barely miss something. You closely miss the water moccasin.
You slash the orc!
You kill the orc!
You feel sick.
The water moccasin bites you but does no damage.
An orc wizard comes into view. It is wielding a +0 dagger.
The water moccasin bites you!
* * * LOW HITPOINT WARNING * * *
The water moccasin bites you.
* * * LOW HITPOINT WARNING * * *
The orc wizard shouts!
You hit the water moccasin but do no damage.
The water moccasin is severely wounded.
You hit the orc warrior. You closely miss the water moccasin.
You barely miss something.
You feel sick.
You are no longer poisoned.
The water moccasin bites you but does no damage.
You block the water moccasin's attack. Something hits you but does no damage.
The orc warrior hits you with a +0 dire flail!
* * * LOW HITPOINT WARNING * * *
The water moccasin bites you!
* * * LOW HITPOINT WARNING * * *
The water moccasin bites you but does no damage.
The orc warrior barely misses you.
An orc priest comes into view. It is wielding a +0 war axe.
You hear some strange, mumbled words.
A puff of flame appears from out of thin air!
The puff of flame hits you.
You die...
Your body crumbles into a pile of gold.

...........
#............
............
###........... #
#......?......
.#.#.............
.o....$S$........
..#...S@.........
#o...o{.<......#
###.#...........
# ##..........
##....####.
##...# ##.## ##


You could see an orc warrior, 2 water moccasins, an orc priest and an orc
wizard.

Vanquished Creatures
  Grinder (D:3)
  An ice beast (D:6)
  A black bear (D:4)
  3 ogres (D:6)
  A centaur (D:6)
  A phantom (D:4)
  A kobold brigand (D:7)
  A bullfrog (D:6)
  A necrophage (D:5)
  A scorpion (D:6)
  A howler monkey (D:6)
  3 hounds
  An orc priest (D:4)
  3 iguanas
  Natasha (thrice) (D:2)
  3 gnolls (D:5)
  6 adders
  A shadow imp (D:7)
  A white imp (D:6)
  An ufetubus (D:6)
  A worm (D:2)
  4 dart slugs
  18 orcs
  9 endoplasms
  3 giant cockroaches
  4 hobgoblins
  2 jackals (D:5)
  10 kobolds
  2 quokkas
  6 ball pythons
  10 bats
  2 frilled lizards (D:2)
  13 goblins
  7 rats
126 creatures vanquished.

Notes
Turn   | Place    | Note
-------+----------+-------------------------------------------
     0 | D:1      | p00ps00p the Hill Orc Fighter began the quest for the Orb.
     0 | D:1      | Reached XP level 1. HP: 19/19 MP: 1/1
    94 | D:1      | Reached XP level 2. HP: 23/27 MP: 2/2
   798 | D:2      | Reached XP level 3. HP: 33/33 MP: 3/3
  1164 | D:2      | Noticed Natasha
  1175 | D:2      | Killed Natasha
  1176 | D:2      | Reached XP level 4. HP: 12/41 MP: 4/4
  1491 | D:2      | Noticed Natasha
  1501 | D:2      | Killed Natasha
  1782 | D:2      | Reached XP level 5. HP: 47/47 MP: 5/5
  1888 | D:2      | Noticed Natasha
  1896 | D:2      | Killed Natasha
  2065 | D:3      | Noticed Grinder
  2070 | D:3      | Paralysed by Grinder for 5 turns
  2082 | D:3      | Paralysed by Grinder for 2 turns
  2089 | D:3      | Killed Grinder
  2090 | D:3      | Reached skill level 5 in Fighting
  2090 | D:3      | Reached skill level 5 in Axes
  2090 | D:3      | Reached XP level 6. HP: 48/56 MP: 6/6
  2693 | D:4      | Reached skill level 5 in Shields
  2864 | D:4      | Reached skill level 5 in Armour
  2864 | D:4      | Reached XP level 7. HP: 55/61 MP: 7/7
  3873 | D:5      | Entered Level 5 of the Dungeon
  4180 | D:5      | Found a staircase to the Ecumenical Temple.
  4200 | Temple   | Entered the Ecumenical Temple
  4200 | Temple   | Found a transporter.
  4200 | Temple   | Found a transporter.
  4202 | Temple   | Found a transporter.
  4202 | Temple   | Found a transporter.
  4220 | Temple   | Became a worshipper of Gozag Ym Sagoz the Greedy
  4574 | D:6      | Reached XP level 8. HP: 68/71 MP: 8/8
  5534 | D:6      | Found an ancient bone altar of Kikubaaqudgha.
  5723 | D:7      | HP: 1/73 [water moccasin (7)]
  5723 | D:7      | Killed from afar by an orc wizard

Illustrated notes

Levels and vault maps discovered:
D:1:      psy_arrival_heroes, layout_basic, minmay_fountain_box
D:2:      layout_basic, minmay_bisected, uniq_natasha
D:3:      minmay_spotlight, layout_rooms, hangedman_decor_peaks_small,
          uniq_grinder
D:4:      layout_loops_corners, serial_rivers, chequers_serial_rivers_micro_c,
          chequers_serial_rivers_large_a, chequers_serial_rivers_micro_c,
          chequers_serial_rivers_room_a, chequers_serial_rivers_micro_a,
          chequers_serial_rivers_micro_d
D:5:      layout_basic, minmay_temple_entry_statues_fountains,
          minmay_misc_feat_columns, item_on_display_a
D:6:      layout_loops_ring, kiku_gazebo_pond_becter, nrook_mini_backslash,
          moated_statue, grunt_ministairs_14
D:7:      layout_cave_pools, fedhas_altar_2, serial_bayou_crossing
Temple:   hellmonk_temple_divided_pantheon

Skill      XL: |  1  2  3  4  5  6  7  8 |
---------------+-------------------------+-----
Axes           | 3 4 5 6 7 |  7.7
Fighting       | 4 5 6 7 |  7.4
Shields        | 4 5 6 |  6.8
Armour         | 4 5 6 |  6.7

Action                   |  1- 3 |  4- 6 |  7- 9 || total
-------------------------+-------+-------+-------++-------
Melee: War axe           |    97 |   109 |   172 ||   378
  Use: Scroll            |     2 |     6 |     5 ||    13
       Potion            |       |     2 |     2 ||     4
Armor: Scale mail        |    69 |    50 |     4 ||   123
       Chain mail        |       |       |   128 ||   128
Dodge: Dodged            |    60 |    58 |    58 ||   176
Block: Buckler           |    35 |    21 |    38 ||    94

Table legend: (Time is in decaauts)
 A = Elapsed time spent in this place.
 B = Non-inter-level travel time spent in this place.
 C = Inter-level travel time spent in this place.
 D = Time resting spent in this place.
 E = Time spent auto-exploring this place.
 F = Levels seen in this place.
 G = Mean time per level.
                   A        B        C        D        E       F      G
               +--------+--------+--------+--------+--------+-----+--------+
         Total |   5852 |   5618 |    234 |    110 |   4339 |   8 |  731.5 |
       Dungeon |   5813 |   5583 |    230 |    110 |   4334 |   7 |  830.4 |
        Temple |     38 |     35 |      3 |      0 |      5 |   1 |   38.0 |
               +--------+--------+--------+--------+--------+-----+--------+

Top non-repeatable levels by time:
     D:2: 1352 daAuts
     D:4: 1252 daAuts
     D:6: 1200 daAuts
     D:1: 790 daAuts
     D:5: 619 daAuts
     D:3: 580 daAuts
  Temple: 38 daAuts
     D:7: 17 daAuts
